 Dungeon Crawl Stone Soup version 0.25-a0-86-ga6f17ae7d4 (webtiles) character file.

Game seed: 18156903214178380970, levelgen mode: deterministic

36685 D1HalberdGnoll the Covert (level 13, -2/105 (106) HPs)
             Began as a Vampire Assassin on Nov 9, 2019.
             Was a High Priest of Dithmenos.
             Slain by a death yak (14 damage)
             ... on level 4 of the Lair of Beasts.
             The game lasted 00:39:22 (20966 turns).

D1HalberdGnoll the Covert (Vampire Assassin)       Turns: 20966, Time: 00:39:23

HP:   -2/105 (106)  AC: 13    Str: 13    XL:     13   Next: 54%
MP:   18/18         EV: 20    Int: 15    God:    Dithmenos [*****.]
Gold: 656           SH:  5    Dex: 16    Spells: 10/12 levels left

rFire    . . .     SeeInvis +   b - +2 scimitar (flame)
rCold    . . .     Gourm    .   F - +0 buckler (curse)
rNeg     . . .     Faith    +   k - +3 troll leather armour {Snorg}
rPois    .         Spirit   .   (no helmet)
rElec    .         Reflect  .   A - scarf {repulsion}
rCorr    .         Harm     .   R - +0 pair of gloves
MR       +....                  J - +0 pair of boots
Stlth    ++++++++..             E - amulet of faith
HPRegen  0.87/turn              o - +3 ring of protection
MPRegen  0.16/turn              (no ring)

@: about to teleport, regenerating quickly, wreathed by umbra, repel missiles
A: no food, fangs 3, see invisible, unbreathing
a: Exsanguinate, Shadow Step, Shadow Form, Renounce Religion


You were on level 4 of the Lair of Beasts.
You worshipped Dithmenos.
Dithmenos was extremely pleased with you.
You were alive.

You visited 3 branches of the dungeon, and saw 17 of its levels.

You collected 986 gold pieces.
You spent 330 gold pieces at shops.

Inventory:

Hand Weapons
 a - a +0 quick blade
 b - a +2 scimitar of flaming (weapon)
Missiles
 e - 2 curare-tipped darts
 s - 53 poisoned darts (quivered)
 w - 5 throwing nets
Armour
 k - a +3 troll leather armour (worn) {Snorg}
 A - a scarf of repulsion (worn)
 F - a cursed +0 buckler (worn)
 J - a +0 pair of boots (worn)
 R - a +0 pair of gloves (worn)
Jewellery
 c - an uncursed ring of fire
 o - a +3 ring of protection (left hand)
 E - an amulet of faith (around neck)
Wands
 B - a wand of random effects (7)
 D - a wand of flame (8)
 I - a wand of paralysis (5)
 N - a wand of digging (6)
Scrolls
 d - 3 scrolls of remove curse
 f - 4 scrolls of teleportation
 g - 3 scrolls of fear
 n - 5 scrolls of enchant armour
 p - 3 scrolls of magic mapping
 q - 2 scrolls of enchant weapon
 v - 10 scrolls of identify
 K - 2 scrolls of fog
 O - a scroll of blinking
Potions
 h - a potion of magic {unknown}
 i - a potion of cancellation {unknown}
 j - 3 potions of lignification {unknown}
 l - a potion of ambrosia {unknown}
 m - 2 potions of brilliance
 r - 6 potions of degeneration {unknown}
 t - 7 potions of curing
 u - 3 potions of heal wounds
 x - 2 potions of berserk rage {unknown}
 z - 3 potions of flight {unknown}
 C - 5 potions of haste
 G - 2 potions of resistance {unknown}
 H - a potion of experience {unknown}
 L - a potion of mutation {unknown}
 M - a potion of invisibility {unknown}


   Skills:
 + Level 11.0 Fighting
 - Level 12.0(12.4) Short Blades
 + Level 4.6(8.6) Long Blades
 - Level 1.5 Throwing
 + Level 3.8 Armour
 - Level 12.0 Dodging
 - Level 12.0 Stealth
 - Level 4.0 Shields
 * Level 7.4 Invocations


You had 10 spell levels left.
You knew the following spells:

 Your Spells              Type           Power        Failure   Level  Hunger
a - Blink                 Tloc           N/A          45%         2    N/A

Your spell library contained the following spells:

 Spells                   Type           Power        Failure   Level  Hunger
 Corona                   Hex            #......      32%         1    N/A
 Freeze                   Ice            #...         32%         1    N/A
 Magic Dart               Conj           #...         32%         1    N/A
 Call Imp                 Summ           #.......     45%         2    N/A
 Slow                     Hex            #.......     45%         2    N/A
 Throw Frost              Conj/Ice       #.....       45%         2    N/A
 Conjure Flame            Conj/Fire      #.......     69%         3    N/A
 Inner Flame              Hex/Fire       #.......     69%         3    N/A
 Mephitic Cloud           Conj/Pois/Air  #.......     69%         3    N/A
 Ozocubu's Armour         Chrm/Ice       #.......     69%         3    N/A
 Portal Projectile        Hex/Tloc       #.....       69%         3    N/A
 Recall                   Summ/Tloc      N/A          69%         3    N/A
 Animate Dead             Necr           N/A          97%         4    N/A
 Cause Fear               Hex            #.........   97%         4    N/A
 Leda's Liquefaction      Hex/Erth       #.........   97%         4    N/A
 Summon Ice Beast         Ice/Summ       #.......     97%         4    N/A
 Throw Icicle             Conj/Ice       #.......     97%         4    N/A
 Borgnjor's Vile Clutch   Necr/Erth      #.........   100%        5    N/A
 Death Channel            Necr           #.........   100%        6    N/A
 Simulacrum               Ice/Necr       #.........   100%        6    N/A

Dungeon Overview and Level Annotations

Branches:
Dungeon (12/15)            Temple (1/1) D:4            Lair (4/6) D:11
 Shoals (0/4) Lair:4          Orc (0/2) D:9
  Snake: Lair:2-4    Spider: Lair:2-4

Altars:
Ashenzari
Cheibriados
Dithmenos
Elyvilon
Fedhas
Gozag
Hepliaklqana
Kikubaaqudgha
Makhleb
Nemelex Xobeh
Okawaru
Qazlal
Ru
Sif Muna
Trog
Uskayaw
Vehumet
Wu Jian
Xom
Yredelemnul
Zin
The Shining One

Shops:
D:7 [   D:10 [!!

Annotations:
D:4 exclusion: phantom
D:8 2 transporters
D:10 exclusion: downstairs
D:11 exclusion: 2 statues
D:12 exclusion: obsidian statue


Innate Abilities, Weirdness & Mutations

You do not eat.
Your natural rate of healing is unusually fast.
You have razor-sharp teeth.
You have supernaturally acute eyesight. (SInv)
You can survive without breathing.


Message History

* * * LOW HITPOINT WARNING * * *
You are too injured to fight recklessly!
Evoke which item? (* to show all) (? for menu, Esc to quit)
Aiming: Random Effects
Press: ? - help, Shift-Dir - straight line, f - death yak
Aim: a death yak (lightly wounded, umbra)
The death yak seems to speed up.
The death yak gores you!!
* * * LOW HITPOINT WARNING * * *
Okay, then.
Evoke which item? (* to show all) (? for menu, Esc to quit)
Aiming: Paralyse
Press: ? - help, Shift-Dir - straight line, f/p - death yak
Aim: a death yak (lightly wounded, fast, umbra, chance to defeat MR: 1%)
Okay, then.
Okay, then.
As you read the scroll of teleportation, it crumbles to dust.
You feel strangely unstable. The death yak gores you!
* * * LOW HITPOINT WARNING * * *
The death yak gores you!
You die...

### #.## ###..#
#...########
.#...#.#...###
.###...#.....#
..#.........# ###
).#..P.....## #@##
.....#....#.#####Y#
.......P.#.#..###Y#
.....###.##รท.###.##
......###......DY##
......#.P.....YY..###
................#Y..#
................#PYY#
.>.c............#YYY#


You could see a death yak and a yak.

Vanquished Creatures
  Snorg (D:12)
  Erolcha (D:9)
  Josephine (D:10)
  4 hydras
  Erica (D:8)
  4 two-headed ogres
  12 death yaks
  A tengu warrior (D:11)
  Pikel (D:6)
  A cyclops (D:11)
  An ugly thing (D:12)
  3 spiny frogs
  A gargoyle (D:12)
  A rime drake (Lair:3)
  A torpor snail (Lair:3)
  5 komodo dragons
  3 trolls (D:12)
  3 hippogriffs
  8 blink frogs
  A vampire (D:11)
  3 wyverns
  23 yaks
  3 wraiths (D:10)
  2 steam dragons
  2 basilisks
  2 hungry ghosts
  A soldier ant (D:12)
  An acid dragon (D:11)
  4 water moccasins
  3 porcupines
  Duvessa (D:7)
  2 ice beasts (D:10)
  2 black bears
  7 orc warriors
  8 sky beasts
  2 necrophages
  2 phantoms
  10 ogres
  4 centaurs
  17 wolves
  5 crocodiles
  3 big kobolds
  13 bullfrogs
  A wyvern zombie (D:9)
  Dowan (D:7)
  2 scorpions
  A howler monkey (D:12)
  6 crimson imps
  2 centaur zombies
  3 hounds
  A quasit (D:12)
  A bullfrog zombie (D:6)
  4 jellies
  A bullfrog skeleton (D:8)
  8 orc priests
  Crazy Yiuf (D:7)
  13 orc wizards
  An iguana (D:11)
  8 worker ants
  2 hound skeletons
  A worker ant zombie (D:8)
  3 gnolls (D:4)
  A howler monkey skeleton (D:4)
  11 adders
  4 shadow imps
  An ooze (D:2)
  4 worms
  3 dart slugs
  7 leopard geckos
  53 orcs
  5 ball pythons
  5 giant cockroaches
  10 goblins
  9 hobgoblins
  8 jackals
  13 kobolds
  5 quokkas
  6 bats
  5 frilled lizards
  A quokka skeleton (D:7)
  7 rats
392 creatures vanquished.

Vanquished Creatures (others)
  2 fungi (Lair:4)
  16 plants (Lair:4)
18 creatures vanquished.

Grand Total: 410 creatures vanquished

Notes
Turn   | Place    | Note
-------+----------+-------------------------------------------
     0 | D:1      | D1HalberdGnoll the Vampire Assassin began the quest for the
                  | Orb.
     0 | D:1      | Reached XP level 1. HP: 16/16 MP: 1/1
   161 | D:1      | Reached XP level 2. HP: 17/22 MP: 2/2
   362 | D:1      | Reached XP level 3. HP: 27/27 MP: 3/3
  1157 | D:2      | Reached XP level 4. HP: 33/33 MP: 4/4
  1840 | D:3      | Reached XP level 5. HP: 38/39 MP: 5/5
  1954 | D:3      | Found a hide-covered altar of Uskayaw.
  2237 | D:4      | Found a sparkling altar of Nemelex Xobeh.
  2298 | D:4      | Noticed an ogre
  2410 | D:4      | Killed an ogre
  2410 | D:4      | Reached XP level 6. HP: 32/46 MP: 6/6
  3041 | D:4      | Found an ornate altar of the Wu Jian Council.
  3093 | D:4      | Found a staircase to the Ecumenical Temple.
  3262 | Temple   | Entered the Ecumenical Temple
  3487 | Temple   | Became a worshipper of Dithmenos the Shadowed
  3629 | D:5      | Entered Level 5 of the Dungeon
  3664 | D:5      | Noticed a sky beast
  3679 | D:5      | Killed a sky beast
  3679 | D:5      | Reached skill level 5 in Short Blades
  3679 | D:5      | Reached XP level 7. HP: 26/41 MP: 7/7
  5311 | D:6      | Reached skill level 10 in Stealth
  5409 | D:6      | Found a white marble altar of Elyvilon.
  5428 | D:6      | Reached XP level 8. HP: 48/48 MP: 8/8
  5462 | D:6      | Found a shimmering altar of Xom.
  5569 | D:6      | Reached * piety under Dithmenos
  5584 | D:6      | Found a snail-covered altar of Cheibriados.
  5873 | D:6      | Found a glowing silver altar of Zin.
  6039 | D:7      | Noticed Pikel
  6059 | D:6      | Killed Pikel
  6284 | D:7      | Reached skill level 5 in Dodging
  6333 | D:7      | Found Sudwecuu's Armour Boutique.
  6342 | D:7      | Bought a scarf of repulsion for 180 gold pieces
  6342 | D:7      | Bought a cursed +0 buckler for 22 gold pieces
  6411 | D:7      | Found a runed translucent door.
  6412 | D:7      | Noticed Crazy Yiuf
  6668 | D:7      | Reached XP level 9. HP: 52/52 MP: 9/9
  6780 | D:7      | You fall into a shaft and drop 3 floors!
  6780 | D:10     | Entered Level 10 of the Dungeon
  6809 | D:10     | Found Joiluzupp's Distillery.
  7004 | D:10     | Noticed a two-headed ogre
  7048 | D:10     | Found Suroel's Distillery.
  7051 | D:10     | Reached skill level 1 in Shields
  7056 | D:10     | Bought a potion of heal wounds for 80 gold pieces
  7056 | D:10     | Bought a potion of curing for 48 gold pieces
  7219 | D:8      | Reached skill level 5 in Fighting
  7238 | D:8      | Reached ** piety under Dithmenos
  7388 | D:8      | Noticed Erica
  7409 | D:8      | Killed Erica
  7559 | D:8      | Noticed a two-headed ogre
  7580 | D:8      | Killed a two-headed ogre
  7580 | D:8      | Reached XP level 10. HP: 60/60 MP: 10/10
  7794 | D:8      | Found a transporter.
  7796 | D:8      | Found an ancient bone altar of Kikubaaqudgha.
  7797 | D:8      | Noticed a death knight
  7798 | D:8      | Found a basalt altar of Yredelemnul.
  7900 | D:8      | Noticed a two-headed ogre
  7914 | D:8      | Reached skill level 10 in Short Blades
  7925 | D:8      | Killed a two-headed ogre
  8206 | D:7      | Noticed Dowan
  8207 | D:7      | Noticed Duvessa
  8215 | D:7      | Killed Duvessa
  8232 | D:7      | Killed Dowan
  9125 | D:7      | Killed Crazy Yiuf
  9201 | D:7      | Learned a level 2 spell: Blink
  9394 | D:8      | Noticed a skeletal warrior
  9401 | D:8      | Found a transporter.
  9606 | D:9      | Reached *** piety under Dithmenos
 11176 | D:9      | Found a hazy altar of Hepliaklqana.
 11207 | D:9      | Identified the cursed +1 robe of Kekhlarph {Str+2}
 11254 | D:9      | Found a shimmering blue altar of Sif Muna.
 11255 | D:9      | Noticed Erolcha
 11261 | D:9      | Killed Erolcha
 11261 | D:9      | Reached XP level 11. HP: 67/67 MP: 6/11
 11343 | D:9      | Found a staircase to the Orcish Mines.
 11468 | D:9      | Found an iron altar of Okawaru.
 11468 | D:9      | Found a bloodstained altar of Trog.
 11537 | D:10     | Noticed Josephine
 11550 | D:10     | Killed Josephine
 11551 | D:10     | Killed a two-headed ogre
 11856 | D:10     | Reached **** piety under Dithmenos
 12248 | D:10     | Found Ilosty's Antique Armour Shop.
 12916 | D:10     | Found Suroel's Distillery.
 12942 | D:10     | Found Joiluzupp's Distillery.
 13192 | D:10     | Found Ilosty's Antique Armour Shop.
 13773 | D:11     | Noticed a death yak
 13783 | D:11     | Noticed a death yak
 13783 | D:11     | Noticed a death yak
 13783 | D:11     | Noticed a death yak
 13783 | D:11     | Noticed a death yak
 13932 | D:11     | Noticed an archer statue
 13933 | D:11     | Found the amulet of Vitality {Regen+ HP+15}
 14091 | D:11     | Noticed an archer statue
 14123 | D:11     | Noticed a tengu warrior
 14139 | D:11     | Killed a tengu warrior
 14139 | D:11     | Reached skill level 10 in Dodging
 14158 | D:11     | Noticed a death yak
 14173 | D:11     | Noticed a death yak
 14173 | D:11     | Noticed a death yak
 14788 | D:11     | Killed a death yak
 14788 | D:11     | Reached skill level 1 in Invocations
 14795 | D:11     | Killed a death yak
 14798 | D:11     | Killed a death yak
 14805 | D:11     | Killed a death yak
 14949 | D:10     | Killed a death yak
 14949 | D:10     | Reached XP level 12. HP: 46/95 MP: 14/14
 15622 | D:12     | Got a translucent scythe
 15623 | D:12     | Identified the cursed +2 scythe of Bloody Death {vamp,
                  | *Drain +Inv rPois Str+4} (You found it on level 12 of the
                  | Dungeon)
 15640 | D:12     | Noticed Snorg
 15646 | D:12     | Killed Snorg
 16194 | D:12     | Noticed a two-headed ogre
 16206 | D:12     | Killed a two-headed ogre
 16454 | D:11     | Found a staircase to the Lair.
 16627 | D:11     | Killed a death yak
 16753 | D:11     | Killed a death yak
 16753 | D:11     | Reached skill level 5 in Invocations
 16765 | D:11     | Killed a death yak
 16765 | D:11     | Reached skill level 10 in Fighting
 16880 | Lair:1   | Entered Level 1 of the Lair of Beasts
 16984 | Lair:1   | Noticed a seven-headed hydra
 16994 | Lair:1   | Killed a four-headed hydra
 17207 | Lair:1   | Reached skill level 1 in Long Blades
 17253 | Lair:1   | Reached skill level 1 in Armour
 17556 | Lair:1   | Noticed a seven-headed hydra
 17640 | Lair:1   | Killed a two-headed hydra
 17868 | Lair:1   | Noticed an eight-headed hydra
 17881 | Lair:1   | Killed a five-headed hydra
 17881 | Lair:1   | Reached XP level 13. HP: 55/103 MP: 17/17
 19157 | Lair:3   | Reached ***** piety under Dithmenos
 20862 | Lair:4   | Found a staircase to the Shoals.
 20966 | Lair:4   | Slain by a death yak

Levels and vault maps discovered:
D:1:      minmay_arrival_three_doors, layout_loops_ring, kennysheep_doodads,
          minmay_pentomino_r2
D:2:      layout_basic, lemuel_old_faithful
D:3:      layout_rooms, eat_drink_and_be_merry_uskayaw, first_ration
D:4:      layout_basic, lemuel_round_altar, kennysheep_little_box,
          minmay_temple_entry_overgrown, serial_co_window_serial,
          co_window_corner_a, co_window_corner_a, co_window_of_opportunity_a,
          co_window_of_opportunity_a, co_window_corner_a,
          co_window_of_opportunity_b, co_window_unsneaky_path_d,
          co_window_broadway_b, co_window_unsneaky_path_e,
          co_window_unsneaky_path_d, co_window_paths_c,
          co_window_of_opportunity_b, co_window_4corner_a, glass_columns_a,
          glass_columns_c, glass_columns_a, glass_columns_a, glass_columns_a
D:5:      layout_layer_cave
D:6:      layout_basic, lemuel_crystal_altar, elyvilon_altar_3, xom_butterflies,
          nicolae_overflow_crystal_walls
D:7:      layout_basic, serial_shops, shop, uniq_duvessa, uniq_pikel,
          uniq_crazy_yiuf_cottage
D:8:      layout_basic, gammafunk_temple_of_torment, uniq_erica
D:9:      layout_basic, grunt_temple_overflow_bloody_war, lemuel_doored_altar,
          lemuel_round_altar, orc_0_dummy, uniq_joseph, uniq_erolcha
D:10:     layout_long_grid, serial_shops, shop, shop, kennysheep_mini_moat,
          uniq_josephine
D:11:     layout_loops_cross, dpeg_lair_monsters, grunt_tengu_nest,
          minmay_dual_archer_statues
D:12:     layout_loops_ring, minmay_protected_statue, uniq_snorg
Temple:   compressed_dpeg_triangle_lava_temple
Lair:1:   layout_layer_cave
Lair:2:   layout_regular_city
Lair:3:   layout_cave_shapes, grunt_megastairs_5
Lair:4:   layout_cave_shapes, minmay_shoals_entry_centaurs,
          minmay_snake_entry_six_corridors, bobbens_dragon_lair_wall

Skill      XL: |  1  2  3  4  5  6  7  8  9 10 11 12 13 |
---------------+----------------------------------------+-----
Stealth        | 6 7 8 9 10 11 12 | 12.0
Fighting       | 2 3 4 5 7 9 10 11 | 11.0
Short Blades   | 3 4 5 6 7 9 11 12 | 12.0
Dodging        | 2 3 4 5 6 8 10 12 | 12.0
Shields        | 3 4 |  4.0
Invocations    | 3 5 7 |  7.4
Long Blades    | 2 4 |  4.6
Armour         | 2 3 |  3.8
Throwing       | |  1.5

Action                   |  1- 3 |  4- 6 |  7- 9 | 10-12 | 13-15 || total
-------------------------+-------+-------+-------+-------+-------++-------
Melee: Dagger            |   147 |   191 |   312 |   493 |       ||  1143
       Bite              |    18 |    19 |    29 |   155 |    64 ||   285
       Scimitar          |       |       |       |   464 |   301 ||   765
Throw: Dart              |     3 |    24 |     2 |    50 |    15 ||    94
       Throwing net      |       |     1 |       |       |       ||     1
Invok: Shadow Step       |       |       |       |     3 |       ||     3
 Abil: Exsanguinate      |       |     1 |       |       |       ||     1
       Revivify          |       |       |       |     1 |       ||     1
Evoke: Wand              |       |       |     2 |    25 |     1 ||    28
  Use: Scroll            |       |     4 |     6 |     9 |     5 ||    24
       Potion            |       |       |     3 |     5 |     2 ||    10
 Stab: Sleeping          |     9 |     4 |    30 |    33 |     6 ||    82
       Distracted        |     1 |       |       |     2 |     1 ||     4
       Confused          |       |       |       |    10 |       ||    10
       Paralysed         |       |       |       |     1 |       ||     1
Armor: Robe              |    16 |       |       |       |       ||    16
       Ring mail         |    40 |    61 |    64 |    91 |       ||   256
       Troll leather arm |       |       |       |    44 |    38 ||    82
Dodge: Dodged            |    90 |    88 |   147 |   607 |   276 ||  1208
       Deflected         |       |       |     2 |     5 |     4 ||    11
Block: Buckler           |       |       |    14 |   194 |    76 ||   284
       Rpst.: Scimitar   |       |       |       |    89 |    80 ||   169

Table legend:
 A = Non-vault XP
 B = Vault XP
 C = Vault XP percentage of total XP
 D = Non-vault monster count
 E = Vault monster count
 F = Vault count percentage of total count
                 A         B        C        D         E       F
            +---------+---------+-------+---------+---------+-------
      Total |   38472 |   13936 |  26.6 |     362 |      30 |   7.7
            +---------+---------+-------+---------+---------+-------
        D:1 |      55 |       2 |   3.5 |      30 |       2 |   6.2
        D:2 |     107 |       0 |   0.0 |      18 |       0 |   0.0
        D:3 |      86 |       0 |   0.0 |      21 |       0 |   0.0
        D:4 |     390 |       0 |   0.0 |      19 |       0 |   0.0
        D:5 |     481 |       0 |   0.0 |      22 |       0 |   0.0
        D:6 |     670 |     593 |  47.0 |      16 |       1 |   5.9
        D:7 |    1155 |     251 |  17.9 |      21 |       3 |  12.5
        D:8 |    3651 |     912 |  20.0 |      30 |       1 |   3.2
        D:9 |    1880 |    1172 |  38.4 |      39 |       2 |   4.9
       D:10 |    2849 |    2251 |  44.1 |      31 |       5 |  13.9
       D:11 |    2016 |    6772 |  77.1 |      15 |       8 |  34.8
       D:12 |    4532 |    1196 |  20.9 |      22 |       1 |   4.3
     Lair:1 |    7379 |       0 |   0.0 |      25 |       0 |   0.0
     Lair:2 |    2509 |       0 |   0.0 |      15 |       0 |   0.0
     Lair:3 |    5170 |     199 |   3.7 |      20 |       2 |   9.1
     Lair:4 |    5542 |     588 |   9.6 |      18 |       5 |  21.7
            +---------+---------+-------+---------+---------+-------
